 Dungeon Crawl Stone Soup version 0.28-a0-863-g8cecda6153 (webtiles) character file.

Game seed: 4008744729617278941

107 Woods the Insei (level 4, -8/31 HPs)
             Began as an Octopode Transmuter on Nov 18, 2021.
             Mangled by Sigmund (12 damage)
             ... on level 3 of the Dungeon.
             The game lasted 00:04:46 (2850 turns).

Woods the Insei (Octopode Transmuter)               Turns: 2850, Time: 00:04:47

Health: -8/31      AC:  1    Str: 10    XL:     4   Next: 86%
Magic:  2/7        EV: 13    Int: 15    God:
Gold:   60         SH:  0    Dex: 12    Spells: 1/7 levels left

rFire   . . .      SeeInvis .     - Unarmed
rCold   . . .      Faith    .   (no shield)
rNeg    . . .      Spirit   .   (helmet restricted)
rPois   .          Reflect  .   (no amulet)
rElec   .          Harm     .   (no ring)
rCorr   .          Rampage  .   (no ring)
Will    .....                   (no ring)
Stlth   ++........              (no ring)
HPRegen 0.10/turn               (no ring)
MPRegen 0.10/turn               (no ring)
                                (no ring)
                                (no ring)

@: no status effects
A: almost no armour, amphibious, 8 rings, camouflage 1, gelatinous body 1,
(nimble swimmer 1), tentacles
a: no special abilities


You were on level 3 of the Dungeon.
You visited 1 branch of the dungeon, and saw 3 of its levels.

You collected 60 gold pieces.

Inventory:

Scrolls
 a - 2 scrolls of magic mapping {unknown}
 d - 5 scrolls of teleportation {unknown}
 e - a scroll of amnesia {unknown}
 f - 2 scrolls of identify {unknown}
Potions
 b - a potion of lignification {unknown}
 c - a potion of berserk rage {unknown}


   Skills:
 + Level 3.1 Fighting
 - Level 2.0 Dodging
 + Level 4.3 Unarmed Combat
 - Level 2.0 Spellcasting
 - Level 2.0 Transmutations


You had one spell level left.
You knew the following spells:

 Your Spells              Type           Power      Damage    Failure   Level
a - Beastly Appendage     Tmut           14%        N/A       10%         1
b - Wereblood             Tmut           7%         N/A       14%         2
c - Spider Form           Tmut/Pois      4%         N/A       41%         3

Your spell library contained the following spells:

 Spells                   Type           Power      Damage    Failure   Level
 Sandblast                Erth           2%         2d4       22%         1
 Passwall                 Tmut/Erth      3%         N/A       22%         2
 Corpse Rot               Necr/Air       2%         N/A       32%         2
 Ensorcelled Hibernation  Hex/Ice        2%         N/A       32%         2
 Poisonous Vapours        Pois/Air       2%         N/A       32%         2
 Sublimation of Blood     Necr           1%         N/A       32%         2
 Stone Arrow              Conj/Erth      2%         3d7       54%         3
 Tukima's Dance           Hex            1%         N/A       54%         3
 Ice Form                 Ice/Tmut       4%         N/A       82%         4
 Petrify                  Tmut/Erth      4%         N/A       82%         4
 Irradiate                Conj/Tmut      2%         3d14      99%         5


Dungeon Overview and Level Annotations

Branches:
Dungeon (3/15)

Altars:

Annotations:
D:3 exclusion: ice beast, Sigmund


Innate Abilities, Weirdness & Mutations

You cannot wear most types of armour.
You are amphibious.
You can wear up to eight rings at the same time.
Your skin changes colour to match your surroundings (Stealth+).
Your rubbery body absorbs attacks. (AC +1, EV +1)
((You are camouflaged near water. (Stealth+)))
You have tentacles for arms and can constrict up to eight enemies at once.


Message History

Sigmund hits you from afar with a +0 scythe!
Casting: Spider Form (extremely dangerous; 41% risk of failure)
Confirm with . or Enter, or press ? or * to list all spells.
The spell is extremely dangerous to cast (41% risk of failure)!
Continue anyway?
You turn into a venomous arachnid creature.
Sigmund casts a spell at you.
You are confused.
You bump into the rock wall.
Your transformation is almost over.
Sigmund hits you from afar with a +0 scythe!
* * * LOW HITPOINT WARNING * * *
You are too injured to fight recklessly!
Sigmund points at you and mumbles some strange words.
The magic dart hits you.
* * * LOW HITPOINT WARNING * * *
Sigmund casts a spell at you.
You are more confused.
You bump into the rock wall.
Sigmund misses you.
You hit Sigmund.
Sigmund is poisoned.
Sigmund is lightly wounded.
Sigmund misses you.
You bump into the rock wall.
Sigmund says, "Now you see me, now you don't..."
Sigmund closely misses you.
You closely miss Sigmund.
Sigmund is moderately wounded.
Sigmund completely misses you.
Your magical contamination has completely faded away.
You closely miss Sigmund.
Sigmund is moderately wounded.
Your transformation has ended.
You tentacle-slap Sigmund but do no damage.
Your tentacle-slap misses Sigmund.
Sigmund is moderately wounded.
Sigmund hits you with a +0 scythe.
* * * LOW HITPOINT WARNING * * *
Sigmund misses you.
You feel less confused. Sigmund hits you with a +0 scythe!
You die...

####.....###
#>#
#...........(#
#.#
#.##.....###.#
#.# #.###...##
#.# #.#### #.#
##........
#..... #†#
######.#
#.#### #.# #.#
#.# #
#.##########@#
#.# #
#..........@.#
#.# #
##############
#.# # #.####
#..... ######
# # # #


You could see Sigmund (poisoned).

Vanquished Creatures
  4 adders
  2 worms
  4 dart slugs
  3 ball pythons
  6 endoplasms
  5 giant cockroaches
  7 goblins
  5 hobgoblins
  3 quokkas
  6 bats
  4 frilled lizards
  2 kobolds (D:3)
  2 rats
53 creatures vanquished.

Notes
Turn   | Place    | Note
-------+----------+-------------------------------------------
     0 | D:1      | Woods the Octopode Transmuter began the quest for the Orb.
     0 | D:1      | Reached XP level 1. HP: 13/13 MP: 3/3
   159 | D:1      | Reached XP level 2. HP: 18/18 MP: 5/5
   406 | D:1      | Found a faded altar of an unknown god.
   545 | D:2      | Reached XP level 3. HP: 18/24 MP: 6/6
  1950 | D:2      | Reached XP level 4. HP: 28/30 MP: 7/7
  1979 | D:2      | Reached skill level 4 in Unarmed Combat
  2468 | D:3      | Learned a level 2 spell: Wereblood
  2472 | D:3      | Learned a level 3 spell: Spider Form
  2694 | D:3      | Noticed an ice beast
  2833 | D:3      | Noticed Sigmund
  2850 | D:3      | Mangled by Sigmund

Illustrated notes

Levels and vault maps discovered:
D:1:      eino_arrival_water_star, layout_rooms,
          shapermc_ecumenical_altar_mp_ritualfount,
          chequers_serial_rivers_small_a, minmay_misc_feat_roman
D:2:      layout_loops_cross
D:3:      layout_loops_ring, uniq_sigmund

Skill      XL: |  1  2  3  4 |
---------------+-------------+-----
Fighting       | 2 3 |  3.1
Unarmed Combat | 4 |  4.3
Dodging        | |  2.0
Spellcasting   | |  2.0
Transmutations | |  2.0

Action                   |  1- 3 |  4- 6 || total
-------------------------+-------+-------++-------
Melee: Unarmed           |    77 |    56 ||   133
       Constrict         |    21 |    16 ||    37
       Tentacles         |    15 |     6 ||    21
       Punch             |     3 |       ||     3
       Kick              |       |     8 ||     8
 Cast: Beastly Appendage |       |    11 ||    11
       Spider Form       |       |     1 ||     1
 Stab: Sleeping          |     6 |     8 ||    14
Armor: Skin              |     5 |     4 ||     9
Dodge: Dodged            |    44 |    27 ||    71

Table legend: (Time is in decaauts)
 A = Elapsed time spent in this place.
 B = Non-inter-level travel time spent in this place.
 C = Inter-level travel time spent in this place.
 D = Time resting spent in this place.
 E = Time spent auto-exploring this place.
 F = Levels seen in this place.
 G = Mean time per level.
                   A        B        C        D        E       F      G
               +--------+--------+--------+--------+--------+-----+--------+
         Total |   2840 |   2806 |     34 |    969 |   1308 |   3 |  946.7 |
       Dungeon |   2840 |   2806 |     34 |    969 |   1308 |   3 |  946.7 |
               +--------+--------+--------+--------+--------+-----+--------+

Top non-repeatable levels by time:
     D:2: 1763 daAuts
     D:3: 554 daAuts
     D:1: 522 daAuts
